 Dungeon Crawl Stone Soup version 0.28-a0-1130-gc51a68064b (webtiles) character file.

Game seed: 15614313678412411383

347 mcbry74 the Chopper (level 6, 0/42 HPs)
             Began as a Human Berserker on Dec 12, 2021.
             Was a Believer of Trog.
             Slain by an orc wizard (4 damage)
             ... on level 4 of the Dungeon.
             The game lasted 00:10:20 (4023 turns).

mcbry74 the Chopper (Human Berserker)               Turns: 4023, Time: 00:10:21

Health: 0/42       AC:  2    Str: 20    XL:     6   Next: 91%
Magic:  6/6        EV: 12    Int:  7    God:    Trog [**....]
Gold:   177        SH:  0    Dex: 12    Spells: 5/5 levels left

rFire   . . .      SeeInvis .   a - +0 hand axe
rCold   . . .      Faith    .   (no shield)
rNeg    . . .      Spirit   .   h - +0 leather armour
rPois   .          Reflect  .   (helmet restricted)
rElec   .          Harm     .   l - +0 cloak
rCorr   .          Rampage  .   (no gloves)
Will    .....                   (no boots)
Stlth   +.........              (no amulet)
HPRegen 0.14/turn               (no ring)
MPRegen 0.10/turn               (no ring)

@: no status effects
A: horns 1, deformed body, frail 1
a: Renounce Religion, Berserk, Trog's Hand


You were on level 4 of the Dungeon.
You worshipped Trog.
Trog was pleased with you.
You visited 1 branch of the dungeon, and saw 4 of its levels.

You collected 177 gold pieces.

Inventory:

Hand Weapons
 a - a +0 hand axe (weapon)
 k - a +0 spear
Missiles
 c - 8 bolts
 e - 12 poisoned darts (quivered)
 f - 128 stones
 j - 2 boomerangs
 o - 6 boomerangs of dispersal
Armour
 b - a +0 animal skin
 h - a +0 leather armour (worn)
 l - a +0 cloak (worn)
Scrolls
 n - a scroll of immolation {unknown}
 p - a scroll of magic mapping {unknown}
Potions
 d - a potion of flight {unknown}
 g - a potion of curing {unknown}
 i - a potion of haste {unknown}
 m - a potion of attraction {unknown}
 q - a potion of cancellation {unknown}
 r - a potion of brilliance {unknown}


   Skills:
 - Level 3.0 Fighting
 * Level 6.0(6.5) Axes
 + Level 2.3(4.5) Maces & Flails
 + Level 2.4(4.5) Polearms
 - Level 2.0 Armour
 - Level 2.0 Dodging


You had 5 spell levels left.
You didn't know any spells.
Your spell library was empty.

Dungeon Overview and Level Annotations

Branches:
Dungeon (4/15)
 Temple: D:4-7

Altars:

Shops:
D:1 [   D:2 :   D:3 ?


Innate Abilities, Weirdness & Mutations

You have a pair of small horns on your head.
Armour fits poorly on your strangely shaped body.
You are frail. (-10% HP)


Message History

The puff of flame hits you.
You hit the orc.
The orc is almost dead.
You closely miss the orc. You hit something.
You feel the effects of Trog's Hand fading.
The orc hits you with a +0 whip. The orc hits you with a +0 hand axe.
Something hits you.
You hit the orc.
You kill the orc!
Trog accepts your kill.
You hit the orc.
You kill the orc!
Trog accepts your kill.
You closely miss something. You hit the orc. The orc closely misses you.
Something hits you.
* * * LOW HITPOINT WARNING * * *
You slash the orc!
You kill the orc!
Trog accepts your kill.
You barely miss something.
You hear some strange, mumbled words.
A magic dart appears from out of thin air!
The magic dart hits you!
* * * LOW HITPOINT WARNING * * *
Okay, then.
You miss something. You headbutt something.
Something hits you but does no damage.
You hit something. Something hits you.
* * * LOW HITPOINT WARNING * * *
You closely miss something. Your headbutt misses something.
Your skin stops crawling.
You feel less strong-willed.
You hit something but do no damage.
You hear some strange, mumbled words.
Something tries to affect you, but you resist.
You miss something. Something hits you.
* * * LOW HITPOINT WARNING * * *
You miss something. Your headbutt misses something.
Something barely misses you.
You hit something. Something hits you.
You die...

....# ######.# ....#
#######+## #.# ....#
.........# #.# ....#
.........# #.# ....#
.........# #.#
....## .........#
#.# .....#
.........# #.#
.....#
......){)#########.#
####.#
......)@...........#
####.#
####################
.....# ######


There were no monsters in sight!

Vanquished Creatures
  An ogre (D:4)
  Terence (D:3)
  2 orc wizards
  Natasha (thrice) (D:3)
  An adder (D:3)
  3 gnolls (D:3)
  6 orcs
  7 endoplasms
  3 giant cockroaches
  10 goblins
  4 hobgoblins
  4 jackals
  5 kobolds
  6 quokkas
  5 ball pythons
  8 bats
  2 frilled lizards
  8 rats
79 creatures vanquished.

Notes
Turn   | Place    | Note
-------+----------+-------------------------------------------
     0 | D:1      | mcbry74 the Human Berserker began the quest for the Orb.
     0 | D:1      | Reached XP level 1. HP: 18/18 MP: 1/1
   280 | D:1      | Reached XP level 2. HP: 24/24 MP: 2/2
   451 | D:1      | Reached skill level 4 in Axes
   451 | D:1      | Reached XP level 3. HP: 24/29 MP: 3/3
   557 | D:1      | Found a faded altar of an unknown god.
   673 | D:1      | Found Zoot's Antique Armour Emporium.
  1293 | D:2      | Reached ** piety under Trog
  1920 | D:2      | Reached XP level 4. HP: 35/35 MP: 4/4
  1987 | D:2      | Found Nafux's Book Emporium.
  2134 | D:3      | Noticed Terence
  2145 | D:3      | Killed Terence
  2453 | D:3      | Reached skill level 5 in Axes
  2453 | D:3      | Reached skill level 1 in Maces & Flails
  2453 | D:3      | Reached skill level 1 in Polearms
  2453 | D:3      | Reached XP level 5. HP: 41/41 MP: 5/5
  2754 | D:3      | Gained mutation: You are frail. (-10% HP) [potion of
                  | mutation]
  2754 | D:3      | Gained mutation: You are very frail. (-20% HP) [potion of
                  | mutation]
  2755 | D:3      | Lost mutation: You are very frail. (-20% HP) [potion of
                  | mutation]
  2755 | D:3      | Gained mutation: Armour fits poorly on your strangely
                  | shaped body. [potion of mutation]
  2755 | D:3      | Gained mutation: You have a pair of small horns on your
                  | head. [potion of mutation]
  2791 | D:3      | Noticed Natasha
  2820 | D:3      | Killed Natasha
  2909 | D:3      | Noticed Natasha
  2913 | D:3      | Killed Natasha
  2955 | D:3      | Found Podur's Magic Scroll Emporium.
  2986 | D:3      | Reached XP level 6. HP: 42/42 MP: 6/6
  3233 | D:3      | Noticed Natasha
  3243 | D:3      | Killed Natasha
  3868 | D:4      | Noticed an ogre
  3872 | D:4      | Killed an ogre
  4010 | D:4      | Reached skill level 6 in Axes
  4023 | D:4      | Slain by an orc wizard

Illustrated notes

Levels and vault maps discovered:
D:1:      onia_arrival_handbag, layout_loops_ring, serial_shops,
          nicolae_shop_stone, nicolae_ecumenical_snake_handling,
          minmay_liquid_box
D:2:      wad_pebble_path, layout_loops_ring, serial_shops,
          nicolae_shop_hallway_stairs, minmay_tetromino_t2
D:3:      layout_rooms, serial_shops, nicolae_shop_hallway_stairs,
          nicolae_concentric_dashed_squares_wild, kennysheep_nub,
          lemuel_another_geyser, uniq_natasha, uniq_terence
D:4:      layout_basic, grunt_ministairs_15

Skill      XL: |  1  2  3  4  5  6 |
---------------+-------------------+-----
Axes           | 4 5 6 |  6.0
Maces & Flails | 1 2 |  2.3
Polearms       | 1 2 |  2.4
Fighting       | |  3.0
Armour         | |  2.0
Dodging        | |  2.0

Action                   |  1- 3 |  4- 6 || total
-------------------------+-------+-------++-------
Melee: Hand axe          |   117 |   115 ||   232
       Headbutt          |       |    14 ||    14
Throw: Dart              |       |     6 ||     6
Invok: Berserk           |       |     8 ||     8
       Trog's Hand       |       |     1 ||     1
  Use: Scroll            |       |     2 ||     2
       Potion            |       |     2 ||     2
 Stab: Sleeping          |     4 |       ||     4
Armor: Animal skin       |    32 |     5 ||    37
       Leather armour    |       |     9 ||     9
Dodge: Dodged            |    83 |    53 ||   136

Table legend: (Time is in decaauts)
 A = Elapsed time spent in this place.
 B = Non-inter-level travel time spent in this place.
 C = Inter-level travel time spent in this place.
 D = Time resting spent in this place.
 E = Time spent auto-exploring this place.
 F = Levels seen in this place.
 G = Mean time per level.
                   A        B        C        D        E       F      G
               +--------+--------+--------+--------+--------+-----+--------+
         Total |   4127 |   4079 |     48 |   1255 |   2066 |   4 | 1031.8 |
       Dungeon |   4127 |   4079 |     48 |   1255 |   2066 |   4 | 1031.8 |
               +--------+--------+--------+--------+--------+-----+--------+

Top non-repeatable levels by time:
     D:3: 1485 daAuts
     D:1: 1220 daAuts
     D:2: 926 daAuts
     D:4: 495 daAuts
